 Dungeon Crawl Stone Soup version 0.22-a0-580-gd5db89c (webtiles) character file.

36743 opiumtea the Archer (level 13, -3/113 HPs)
             Began as a Minotaur Fighter on July 2, 2018.
             Was the Champion of Okawaru.
             Slain by a swamp dragon (7 damage)
             ... on level 6 of the Lair of Beasts on July 4, 2018.
             The game lasted 02:00:07 (24737 turns).

opiumtea the Archer (Minotaur Fighter)             Turns: 24737, Time: 02:00:09

Health: -3/113     AC: 25    Str: 25    XL:     13   Next: 54%
Magic:  18/19      EV: 14    Int:  8    God:    Okawaru [******]
Gold:   1032       SH:  0    Dex: 14    Spells: 12/12 levels left

rFire    + . .     SeeInvis .   a - +3 halberd (chop)
rCold    x . .     Gourm    .   (shield currently unavailable)
rNeg     . . .     Faith    .   V - +0 plate armour
rPois    .         Spirit   .   N - +2 hat {MR+}
rElec    .         Reflect  .   Q - +2 cloak {+Inv}
rCorr    .         Harm     .   S - +0 pair of gloves of Analysis {Int+3}
MR       +....                  E - +0 pair of boots
Stlth    ..........             q - amulet of regeneration
HPRegen  0.68/turn              H - ring of fire
MPRegen  0.16/turn              o - +3 ring of dexterity

@: about to teleport, heroism, hasted, slow
A: retaliatory headbutt, horns 2
a: Heroism, Finesse, Renounce Religion, Evoke Invisibility


You were on level 6 of the Lair of Beasts.
You worshipped Okawaru.
Okawaru was exalted by your worship.
You were not hungry.

You visited 3 branches of the dungeon, and saw 18 of its levels.

You collected 1068 gold pieces.
You spent 36 gold pieces at shops.

Inventory:

Hand Weapons
 a - a +3 halberd of chopping (weapon)
 b - a +2 shortbow of velocity
 e - the +1 dagger of the Vendetta {venom, Fragile rF+ rC++, unknown}
   (You took it off an orc wizard on level 4 of the Dungeon)

   It poisons the flesh of those it strikes.
   It protects you from fire.
   It greatly protects you from cold.
   It will be destroyed if unequipped.
Missiles
 z - 501 arrows
Armour
 c - a +1 shield
 l - the +1 leather armour "Fylezodu" {rElec Str+2}
   (You found it on level 11 of the Dungeon)

   It affects your strength (+2).
   It insulates you from electricity.
 v - a scarf of spirit shield
 E - a +0 pair of boots (worn)
 N - a +2 hat of magic resistance (worn)
 Q - a +2 cloak of invisibility (worn)
 S - the +0 pair of gloves of Analysis (worn) {Int+3}
   (You found it on level 11 of the Dungeon)

   It affects your intelligence (+3).
 V - a +0 plate armour (worn)
Jewellery
 g - an uncursed ring of flight
 n - an uncursed ring of fire
 o - a +3 ring of dexterity (right hand)
 q - an amulet of regeneration (around neck)
 H - a ring of fire (left hand)
 M - an uncursed ring of see invisible
Wands
 r - a wand of acid (15)
 D - a wand of paralysis (4)
 G - a wand of disintegration (16)
Scrolls
 h - a scroll of teleportation
 j - a scroll of fear
 p - a scroll of silence {unknown}
 s - a scroll of fog
 u - 5 scrolls of remove curse
 y - 3 scrolls of amnesia
 A - 5 scrolls of magic mapping
 J - a scroll of summoning
 O - 2 scrolls of immolation
 R - a scroll of vulnerability {unknown}
 T - a scroll of blinking
Potions
 d - 3 potions of might
 i - 3 potions of flight
 m - 3 potions of invisibility
 w - a potion of haste
 x - a potion of agility
 B - 3 potions of ambrosia
 C - a potion of brilliance
 F - a potion of berserk rage {unknown}
 P - a potion of resistance {unknown}
Miscellaneous
 k - a fan of gales
 U - a phial of floods
Comestibles
 f - 26 rations
 t - 12 chunks of flesh


   Skills:
 - Level 10.0(15.0) Fighting
 - Level 11.1(16.1) Polearms
 - Level 14.0(19.0) Bows
 - Level 8.9(13.9) Armour
 - Level 6.9(11.9) Dodging
 - Level 3.2(8.2) Stealth
 - Level 3.6(8.6) Shields
 - Level 6.2 Invocations
 + Level 9.3 Evocations


You had 12 spell levels left.
You didn't know any spells.
Your spell library contained the following spells:

 Spells                   Type           Power        Failure   Level  Hunger
 Magic Dart               Conj           #...         98%         1    ##.....
 Conjure Flame            Conj/Fire      #.......     100%        3    ####...
 Bolt of Cold             Conj/Ice       #.........   100%        6    #######
 Lightning Bolt           Conj/Air       #.........   100%        5    ######.
 Slow                     Hex            #.......     99%         2    ###....
 Freezing Cloud           Conj/Ice/Air   #.........   100%        6    #######
 Mephitic Cloud           Conj/Pois/Air  #.......     100%        3    ####...
 Blink                    Tloc           N/A          99%         2    ###....
 Ozocubu's Refrigeration  Ice            #.........   100%        6    #######
 Call Imp                 Summ           #.......     99%         2    ###....
 Regeneration             Chrm/Necr      #.........   100%        3    ####...
 Shock                    Conj/Air       #...         98%         1    ##.....
 Swiftness                Chrm/Air       #.......     99%         2    ###....
 Spider Form              Tmut/Pois      #.........   100%        3    ####...
 Blade Hands              Tmut           #.........   100%        5    ######.
 Ice Form                 Ice/Tmut       #.......     100%        4    #####..
 Airstrike                Air            #.........   100%        4    #####..
 Sticks to Snakes         Tmut           #.......     99%         2    ###....
 Metabolic Englaciation   Hex/Ice        #.........   100%        5    ######.
 Static Discharge         Conj/Air       #.......     100%        3    ####...
 Simulacrum               Ice/Necr       #.........   100%        6    #######
 Shroud of Golubria       Chrm/Tloc      #.........   99%         2    ###....
 Beastly Appendage        Tmut           #.....       98%         1    ##.....
 Infusion                 Chrm           #...         98%         1    ##.....
 Song of Slaying          Chrm           #.......     99%         2    ###....
 Spectral Weapon          Hex/Chrm       #.......     100%        3    ####...


Dungeon Overview and Level Annotations

Branches:
Dungeon (11/15)            Temple (1/1) D:7            Lair (6/6) D:10
  Swamp (0/4) Lair:2       Spider (0/4) Lair:3        Slime (0/5) Lair:6
    Orc (0/2) D:11

Altars:
Dithmenos
Kikubaaqudgha
Makhleb
Nemelex Xobeh
Okawaru
Qazlal
Ru
Sif Muna
Uskayaw
Wu Jian
Xom
Zin
The Shining One

Shops:
D:4 [   D:6 ?

Annotations:
D:4 Grinder
Lair:3 exclusion: oklob plant


Innate Abilities, Weirdness & Mutations

You reflexively headbutt those who attack you in melee.
You have a pair of horns on your head.


Message History

The swamp dragon breathes poison at you.
The blast of poison misses you.
You hear a deafening roar!
You feel sick.
You feel better. The swamp dragon bites you.
* * * LOW HITPOINT WARNING * * *
The swamp dragon closely misses you. The swamp dragon tramples you.
* * * LOW HITPOINT WARNING * * *
You hold your ground!
You slash the swamp dragon! You headbutt the swamp dragon!
The swamp dragon is severely wounded.
As you read the scroll of teleportation, it crumbles to dust.
You feel strangely unstable. The swamp dragon bites you!
* * * LOW HITPOINT WARNING * * *
The swamp dragon closely misses you.
The swamp dragon tramples you but does no damage.
You feel better. The swamp dragon bites you!
* * * LOW HITPOINT WARNING * * *
The swamp dragon claws you!
You die...

*,,***,≈≈.≈≈.♣♣♣♣
***,,*,,≈≈≈≈≈≈≈...♣♣
**,,≈≈,≈,≈≈≈D§≈≈≈≈..♣
**,,≈≈≈,≈≈≈≈≈≈≈§§..P.♣ ###
**,,,≈≈≈≈≈≈≈,≈≈,,♣.≈..♣##.####
*,,≈≈≈≈,,≈,,,≈≈,*,♣≈≈≈♣#....P####
*≈,≈*≈,,,,,,*,*♣♣♣♣≈§≈♣##P.....#P
*≈≈≈♣**,,,,,**♣♣.♣§§≈P♣#.........
*≈≈≈.♣*,,,,,♣♣♣§@♣§≈.♣♣#.........
*♣♣.≈≈♣**,*♣♣P§§§D.≈♣♣ #.(.......
*...≈.♣**♣♣.≈≈§..♣♣♣ #.........
**♣(P≈≈♣♣♣.≈≈....♣.♣ #....P....
*♣.♣≈≈≈÷♣≈♣P♣♣♣..♣♣##....P.#..
♣..≈≈.≈≈≈♣♣♣.....♣#..........
♣♣....P..≈♣♣..♣♣♣♣#......#P..
♣♣..♣.P♣.≈≈♣♣♣♣♣♣......###..
♣♣♣...♣♣...♣♣(≈≈P......##..


You could see a swamp dragon.

Vanquished Creatures
  Kirke (Lair:4)
  Erolcha (D:10)
  6 hydras
  A two-headed ogre (D:9)
  3 death yaks (Lair:6)
  An unseen horror (D:11)
  Pikel (D:6)
  An orc knight (D:11)
  An orb spider (Lair:3)
  A cyclops (D:10)
  An ugly thing (D:11)
  Joseph (D:9)
  A gargoyle (D:11)
  5 spiny frogs
  3 rime drakes
  5 komodo dragons
  3 meliai (Lair:5)
  3 trolls
  A queen bee (Lair:5)
  A hornet (D:11)
  2 tyrant leeches (Lair:2)
  7 blink frogs
  3 hippogriffs
  A spriggan (D:8)
  2 shadows (D:11)
  3 wyverns
  3 fire bats (Lair:2)
  3 basilisks
  27 yaks
  2 hogs (Lair:4)
  A steam dragon (Lair:6)
  A swamp worm (Lair:2)
  5 acid dragons
  10 water moccasins
  9 porcupines
  2 hell hounds (D:10)
  4 orc warriors
  3 ice beasts
  A slave (D:6)
  2 black bears (D:8)
  A phantom (D:5)
  4 sky beasts
  5 necrophages
  3 ogres
  12 centaurs
  11 crocodiles
  A big kobold (D:10)
  22 bullfrogs
  A gnoll sergeant (D:9)
  A wyvern zombie (D:11)
  A wyvern skeleton (D:11)
  3 scorpions
  16 killer bees (Lair:5)
  10 wights
  3 howler monkeys (D:7)
  2 crimson imps
  3 bullfrog zombies
  2 centaur zombies
  4 hounds
  2 jellies
  Crazy Yiuf (D:5)
  A centaur skeleton (D:5)
  7 orc priests
  2 bullfrog skeletons
  11 orc wizards
  9 iguanas
  4 worker ants
  2 killer bee zombies
  A hound zombie (D:10)
  A hound skeleton (D:11)
  A mummy (D:10)
  2 worker ant zombies (D:10)
  9 gnolls
  5 adders
  4 shadow imps
  An ooze (D:5)
  3 adder skeletons
  2 adder zombies
  2 worms
  4 dart slugs
  6 leopard geckos
  36 orcs
  16 bats
  4 giant cockroaches
  7 goblins
  7 hobgoblins
  5 jackals (D:2)
  10 kobolds
  2 quokkas
  9 frilled lizards
  2 jackal skeletons
  2 leopard gecko skeletons (D:6)
  A leopard gecko zombie (D:8)
  A quokka skeleton (D:4)
  7 rats
426 creatures vanquished.

Vanquished Creatures (others)
  A slave (D:7)
  An orc priest (D:7)
  An orc wizard (D:7)
  A leopard gecko (D:7)
  An orc (D:7)
  A quokka (D:7)
  A fire vortex (Lair:2)
  20 fungi
  10 plants
37 creatures vanquished.

Grand Total: 463 creatures vanquished

Notes
Turn   | Place    | Note
-------+----------+-------------------------------------------
     0 | D:1      | opiumtea the Minotaur Fighter began the quest for the Orb.
     0 | D:1      | Reached XP level 1. HP: 19/19 MP: 0/0
   262 | D:1      | Reached XP level 2. HP: 28/28 MP: 1/1
   622 | D:1      | Reached skill level 5 in Fighting
   699 | D:1      | Reached XP level 3. HP: 36/36 MP: 2/2
  2078 | D:2      | Reached XP level 4. HP: 13/42 MP: 3/3
  2797 | D:3      | Reached skill level 5 in Polearms
  3005 | D:4      | Found Zosocrao's Armour Shop.
  3030 | D:4      | Reached XP level 5. HP: 42/48 MP: 4/4
  3048 | D:4      | Noticed Grinder
  3522 | D:4      | Got a warped dagger {venom}
  3615 | D:4      | Paralysed by Grinder for 4 turns
  4075 | D:4      | Noticed an ogre
  4082 | D:4      | Killed an ogre
  4082 | D:4      | Reached XP level 6. HP: 56/56 MP: 5/5
  4126 | D:5      | Entered Level 5 of the Dungeon
  4487 | D:5      | Noticed a sky beast
  4510 | D:5      | Killed a sky beast
  4510 | D:5      | Reached XP level 7. HP: 64/64 MP: 6/6
  4673 | D:5      | Found a deep blue altar of Sif Muna.
  4795 | D:5      | Found a stormy altar of Qazlal.
  5143 | D:5      | Found a runed door.
  5147 | D:5      | Noticed Crazy Yiuf
  5152 | D:5      | Killed Crazy Yiuf
  5221 | D:4      | Paralysed by Grinder for 4 turns
  5280 | D:6      | Found Gyhexai's Magic Scroll Emporium.
  5282 | D:6      | Noticed a troll
  5306 | D:6      | Killed a troll
  5306 | D:6      | Reached XP level 8. HP: 9/77 MP: 7/7
  5635 | D:6      | Bought a scroll of teleportation for 36 gold pieces
  5810 | D:6      | Reached skill level 10 in Fighting
  5917 | D:6      | Found an iron altar of Okawaru.
  6466 | D:7      | Noticed Pikel
  6496 | D:6      | Killed Pikel
  6496 | D:6      | Reached XP level 9. HP: 45/85 MP: 8/8
  6706 | D:7      | Found a hide-covered altar of Uskayaw.
  6867 | D:7      | Reached skill level 5 in Armour
  7149 | D:7      | Found a staircase to the Ecumenical Temple.
  7158 | Temple   | Entered the Ecumenical Temple
  7253 | D:6      | Became a worshipper of Warmaster Okawaru
  7952 | D:8      | Reached * piety under Okawaru
  8468 | D:8      | Reached skill level 1 in Bows
  8498 | D:8      | Reached skill level 2 in Bows
  8665 | D:8      | Reached skill level 3 in Bows
  8830 | D:8      | Reached skill level 4 in Bows
  8830 | D:8      | Reached XP level 10. HP: 72/93 MP: 6/9
  9275 | D:8      | Reached ** piety under Okawaru
  9275 | D:8      | Reached skill level 5 in Bows
 10190 | D:9      | Got an encrusted flail
 10197 | D:9      | Noticed Joseph
 10213 | D:9      | Killed Joseph
 10213 | D:9      | Reached skill level 6 in Bows
 10554 | D:9      | Reached skill level 7 in Bows
 10804 | D:9      | Noticed a two-headed ogre
 10815 | D:9      | Killed a two-headed ogre
 10817 | D:9      | Reached *** piety under Okawaru
 10822 | D:9      | Reached skill level 8 in Bows
 11538 | D:9      | Found a glowing silver altar of Zin.
 11927 | D:9      | Found an ancient bone altar of Kikubaaqudgha.
 12389 | D:10     | Entered Level 10 of the Dungeon
 12502 | D:10     | Reached skill level 9 in Bows
 12622 | D:10     | Reached **** piety under Okawaru
 12623 | D:10     | Reached skill level 5 in Invocations
 12623 | D:10     | Reached XP level 11. HP: 98/98 MP: 13/13
 12644 | D:10     | Identified a scroll of acquirement
 13338 | D:10     | Found a shimmering altar of Xom.
 13341 | D:10     | Found a shimmering altar of Xom.
 13342 | D:10     | Found a shimmering altar of Xom.
 13344 | D:10     | Found a shimmering altar of Xom.
 13344 | D:10     | Found a shimmering altar of Xom.
 13344 | D:10     | Found a shimmering altar of Xom.
 13444 | D:10     | Noticed Erolcha
 13459 | D:10     | Paralysed by Erolcha for 2 turns
 13464 | D:10     | Killed Erolcha
 13464 | D:10     | Received a gift from Okawaru
 13606 | D:10     | Found a staircase to the Lair.
 13638 | D:10     | Reached skill level 10 in Bows
 13763 | D:11     | Noticed a catoblepas
 13811 | Lair:1   | Entered Level 1 of the Lair of Beasts
 14214 | Lair:1   | Received a gift from Okawaru
 14422 | Lair:1   | Noticed a five-headed hydra
 14435 | Lair:1   | Killed a five-headed hydra
 14753 | Lair:2   | Reached skill level 11 in Bows
 15325 | Lair:2   | Reached skill level 1 in Evocations
 15336 | Lair:2   | Reached ***** piety under Okawaru
 15344 | Lair:2   | HP: 1/97 [swamp worm (13)]
 15859 | Lair:2   | Received a gift from Okawaru
 15978 | Lair:2   | Found a staircase to the Swamp.
 16019 | Lair:2   | Reached skill level 1 in Dodging
 16664 | Lair:3   | Noticed an oklob plant
 16852 | Lair:3   | Received a gift from Okawaru
 17084 | Lair:3   | Reached skill level 5 in Dodging
 17281 | Lair:3   | Received a gift from Okawaru
 17409 | Lair:3   | Noticed an eight-headed hydra
 17547 | Lair:3   | Killed an eight-headed hydra
 17547 | Lair:3   | Reached XP level 12. HP: 70/106 MP: 15/15
 17861 | Lair:3   | Found a hole to the Spider Nest.
 18324 | Lair:4   | Noticed Kirke
 18462 | Lair:4   | Noticed a six-headed hydra
 18467 | Lair:4   | Reached skill level 5 in Evocations
 18496 | Lair:3   | Killed a six-headed hydra
 18875 | Lair:4   | Noticed a seven-headed hydra
 19175 | D:11     | Found a staircase to the Orcish Mines.
 19502 | D:11     | Received a gift from Okawaru
 19556 | D:11     | Received a gift from Okawaru
 19743 | D:11     | Paralysed by a hornet for 2 turns
 20499 | D:11     | Got a polished leather armour
 20510 | D:11     | Identified the +1 leather armour "Fylezodu" {rElec Str+2} (You found it on level 11 of the Dungeon)
 20561 | D:11     | Got a pair of smoking gloves
 20572 | D:11     | Identified the +0 pair of gloves of Analysis {Int+3} (You found it on level 11 of the Dungeon)
 20793 | Lair:4   | Killed an eight-headed hydra
 20936 | Lair:4   | Killed Kirke
 20936 | Lair:4   | Reached skill level 12 in Bows
 21933 | Lair:5   | Noticed a seven-headed hydra
 21944 | Lair:5   | Killed a seven-headed hydra
 21944 | Lair:5   | Reached skill level 13 in Bows
 21944 | Lair:5   | Reached XP level 13. HP: 81/113 MP: 18/18
 22171 | Lair:5   | HP: 1/113 [porcupine's spines (14)]
 22558 | Lair:5   | Reached ****** piety under Okawaru
 22739 | Lair:5   | Reached skill level 1 in Stealth
 23734 | Lair:6   | Entered Level 6 of the Lair of Beasts
 23774 | Lair:6   | Received a gift from Okawaru
 23985 | Lair:6   | Reached skill level 14 in Bows
 24063 | Lair:6   | Found an iron altar of Okawaru.
 24736 | Lair:6   | HP: 4/113 [swamp dragon (9)]
 24737 | Lair:6   | Slain by a swamp dragon

Vault maps used:
D:1:      arrival_zaba_pyramid, corexii_leaking_fountain, wad_floor_pattern_1
D:2:      serial_bayou_pond_a, minivault_14
D:4:      first_ration, serial_shops, shop, uniq_grinder
D:5:      kennysheep_mini, grunt_qazlal_clouds, serial_curves, eino_curves_02,
          eino_curves_01, uniq_crazy_yiuf_cottage
D:6:      okawaru_metal_pillars_3, serial_shops, shop
D:7:      lemuel_temple_firewalk_b, lemuel_centaur_altar, uniq_pikel
D:8:      the_bakery
D:9:      kiku_gazebo_pond_becter, basic_altar, uniq_joseph
D:10:     minmay_lair_entry_lava, serial_undead, serial_undead_d,
          serial_undead_d, serial_undead_f, serial_undead_f, serial_undead_c,
          serial_undead_e, serial_undead_e, serial_undead_e, xom_redecorated,
          uniq_erolcha
D:11:     minmay_cut_squares
Temple:   eino_narrow_crystal_temple
Lair:2:   minmay_swamp_entry_worms, infiniplex_staircase_pool
Lair:3:   nicolae_spider_entry_orb_guardian, grunt_megastairs_3,
          minmay_lair_oklob_chamber
Lair:4:   uniq_kirke
Lair:5:   special_room, lemuel_fruit_fields
Lair:6:   guppyfry_lair_end_dragon, slime_altar_1, basic_altar, st_stairs_12,
          uniq_nessos

Skill      XL: |  1  2  3  4  5  6  7  8  9 10 11 12 13 |
---------------+----------------------------------------+-----
Fighting       | 4 5 6 8 10 | 10.0
Polearms       | 4 5 7 8 11 | 11.1
Armour         | 8 |  8.9
Bows           | 4 9 11 13 14 | 14.0
Invocations    | 5 6 |  6.2
Evocations     | 4 8 9 |  9.3
Dodging        | 6 |  6.9
Stealth        | 3 |  3.2
Shields        | |  3.6

Action                   |  1- 3 |  4- 6 |  7- 9 | 10-12 | 13-15 || total
-------------------------+-------+-------+-------+-------+-------++-------
Melee: Trident           |   151 |   163 |   297 |   234 |       ||   845
       Headbutt          |    13 |    22 |    65 |   120 |    22 ||   242
       Halberd           |       |       |       |   313 |    93 ||   406
 Fire: Shortbow          |       |       |       |   295 |   238 ||   533
Invok: Heroism           |       |       |       |     4 |     3 ||     7
 Abil: Evoke Invisibilit |       |       |       |     2 |     1 ||     3
Evoke: Wand              |       |       |       |     2 |       ||     2
  Use: Scroll            |     4 |     7 |     4 |    21 |     8 ||    44
       Potion            |       |       |     1 |     5 |     8 ||    14
 Stab: Distracted        |       |       |       |     1 |       ||     1
       Invisible         |       |       |       |       |     1 ||     1
  Eat: Chunk             |     4 |     4 |    11 |    21 |     5 ||    45
       Ration            |       |     1 |     1 |     6 |     1 ||     9
Armor: Scale mail        |    51 |    32 |    85 |   209 |    48 ||   425
       Skin              |       |       |       |    21 |       ||    21
       Plate armour      |       |       |       |       |    30 ||    30
Dodge: Dodged            |    32 |    21 |    65 |   281 |   114 ||   513
Block: Shield            |    67 |    45 |    88 |       |       ||   200

Table legend:
 A = Spawn XP
 B = Non-spawn XP
 C = Spawn XP percentage of total XP
 D = Spawn monster count
 E = Non-spawn monster count
 F = Spawn count percentage of total count
 G = Total turns spent on level
                    A         B        C        D         E        F      G
               +---------+---------+-------+---------+---------+-------+---------
         Total |       0 |   52491 |   0.0 |       0 |     425 |   0.0 | 24737
               +---------+---------+-------+---------+---------+-------+---------
           D:1 |       0 |      58 |   0.0 |       0 |      28 |   0.0 |  1276
           D:2 |       0 |      43 |   0.0 |       0 |      23 |   0.0 |  1001
           D:3 |       0 |      81 |   0.0 |       0 |      23 |   0.0 |  1171
           D:4 |       0 |     297 |   0.0 |       0 |      12 |   0.0 |   810
           D:5 |       0 |     627 |   0.0 |       0 |      25 |   0.0 |  1141
           D:6 |       0 |    2027 |   0.0 |       0 |      21 |   0.0 |  1597
           D:7 |       0 |    1303 |   0.0 |       0 |      17 |   0.0 |  1404
           D:8 |       0 |    2030 |   0.0 |       0 |      33 |   0.0 |  1954
           D:9 |       0 |    3753 |   0.0 |       0 |      36 |   0.0 |  2351
          D:10 |       0 |    3697 |   0.0 |       0 |      34 |   0.0 |  1205
          D:11 |       0 |    5338 |   0.0 |       0 |      35 |   0.0 |  1763
        Lair:1 |       0 |    1841 |   0.0 |       0 |       7 |   0.0 |  1030
        Lair:2 |       0 |    4132 |   0.0 |       0 |      24 |   0.0 |  2221
        Lair:3 |       0 |    4757 |   0.0 |       0 |      13 |   0.0 |  1827
        Lair:4 |       0 |    7206 |   0.0 |       0 |      22 |   0.0 |  1382
        Lair:5 |       0 |    7087 |   0.0 |       0 |      41 |   0.0 |  1585
        Lair:6 |       0 |    8214 |   0.0 |       0 |      31 |   0.0 |  1003
               +---------+---------+-------+---------+---------+-------+---------
